 Dungeon Crawl Stone Soup version 0.16.1-17-g773cdaf (webtiles) character file.

58 masdan the Caller (level 3, -6/24 HPs)
             Began as a Mummy Summoner on Apr 22, 2015.
             Killed from afar by an orc wizard (15 damage)
             ... with a puff of flame
             ... on level 2 of the Dungeon on Apr 23, 2015.
             The game lasted 00:22:47 (3444 turns).

masdan the Caller (Mummy Summoner)                  Turns: 3444, Time: 00:22:47

Health: -6/24      AC:  5    Str: 11    XL:     3   Next: 76%
Magic:  1/6        EV: 10    Int: 15    God:
Gold:   104        SH:  0    Dex: 12    Spells: 3 memorised, 1 level left

rFire  x . .     SeeInvis +     e - +0 spear
rCold  + . .     Clarity  .     o - +0 ring mail
rNeg   + + +     SustAb   .     (no shield)
rPois  ∞         Gourm    .     (no helmet)
rElec  .         Spirit   .     (no cloak)
rCorr  .         Warding  .     (no gloves)
rMut   .         Stasis   .     (no boots)
MR     .....                    (no amulet)
Stlth  +.........               u - ring of see invisible
                                d - ring of flight

@: not resistant to hostile enchantments, very unstealthy
A: no food or potions, fire vulnerability, restore body, cold resistance 1,
negative energy resistance 3, poison resistance, torment resistance, unbreathing
a: Evoke Flight


You were on level 2 of the Dungeon.
You were not hungry.

You visited 1 branch of the dungeon, and saw 3 of its levels.

You collected 104 gold pieces.

Inventory:

Hand weapons
 e - a +0 spear (weapon)
 h - a +0 club
 i - a +0 short sword
 p - a +0 club
 B - a +0 club
 C - a +0 spear
 F - a +0 club
Missiles
 j - a throwing net
 l - 36 arrows
 s - 27 poisoned needles
 x - 5 stones (quivered)
Armour
 a - a +0 robe
 o - a +0 ring mail (worn)
 t - a +0 robe
 y - a +0 ring mail
 A - a +0 pair of boots
Jewellery
 d - a ring of flight (left hand)
 u - a ring of see invisible (right hand)
Scrolls
 c - 3 scrolls of remove curse {unknown}
 g - a scroll of fear {unknown}
 m - 7 scrolls of identify {unknown}
 q - a scroll of teleportation {unknown}
 r - a scroll of noise {unknown}
 w - a scroll of recharging {unknown}
Potions
 f - a potion of curing {unknown}
 n - a potion of ambrosia {unknown}
 v - a potion of poison {unknown}
 D - a potion of degeneration {unknown}
 E - a potion of resistance {unknown}
Books
 b - a book of Callings

   Spells                             Type                      Level
   a - Summon Small Mammal            Summoning                    1
   b - Call Imp                       Summoning                    2
   c - Call Canine Familiar           Summoning                    3
   d - Summon Guardian Golem          Hexes/Summoning              4
   e - Summon Lightning Spire         Summoning/Air                4
   f - Summon Ice Beast               Ice/Summoning                4
Comestibles
 k - 2 bread rations
 z - a slice of pizza


   Skills:
 * Level 0.5 Polearms
 - Level 1.9 Dodging
 - Level 1.5 Stealth
 * Level 2.9 Spellcasting
 * Level 3.6 Summonings


You had one spell level left.
You knew the following spells:

 Your Spells              Type           Power        Failure   Level  Hunger
a - Summon Small Mammal   Summ           ##..         14%         1    N/A
b - Call Imp              Summ           ##......     21%         2    N/A
c - Call Canine Familiar  Summ           ##......     38%         3    N/A

Dungeon Overview and Level Annotations

Branches:
Dungeon (3/15)

Altars:


Innate Abilities, Weirdness & Mutations

You do not eat or drink.
Your flesh is vulnerable to fire.
Your flesh is cold resistant.
You are immune to negative energy.
Your system is resistant to poisons.
You are immune to unholy pain and torment.
You can survive without breathing.


Message History

The orc wizard misses your crimson imp.
Your crimson imp barely misses the orc wizard.
The orc wizard casts a spell at you.
The puff of frost hits your crimson imp.
Your crimson imp is frozen!
Your crimson imp hits the orc wizard but does no damage.
The orc wizard hits your crimson imp with a dagger.
The orc wizard is no longer moving quickly.
The orc wizard hits your crimson imp with a dagger.
Your crimson imp misses the orc wizard.
The orc wizard gestures at you while chanting.
The puff of frost hits your crimson imp.
Your crimson imp is frozen!
Your crimson imp dies!
The orc wizard points at you and mumbles some strange words.
The puff of flame hits you! The orc wizard casts a spell at you.
The puff of flame hits you! The fire burns you terribly!
Ouch! That really hurt!
You die...

###.###.#######...###.#
....# #.# ##o## #.#
##..# #.# #.# #.# #..#
#.# #.# #.# ##..###.#
#.# #.# ........# #.#
##.######## ....#####
#.# #.#.......# ##.##
#.# ##.######.# #.# #@#
### #.# ##.# #.# #.#
...# #.# #.# ####
##########.# #.# #
#..........# #.#### #
#.########.########
#.(... # #.# #........#
#####. # ##.##
##.#####.# #.
######...# #.# #.# #.


You could see an orc wizard.

Vanquished Creatures
  A bat (D:1)
  A goblin (D:1)
  A hobgoblin (D:1)
  2 jackals (D:1)
  2 giant newts (D:2)
  3 rats
10 creatures vanquished.

Vanquished Creatures (collateral kills)
  A gnoll (D:1)
  3 adders
  A worm (D:2)
  2 orcs (D:3)
  2 giant cockroaches (D:1)
  3 goblins (D:1)
  11 hobgoblins
  A jackal (D:1)
  5 kobolds
  A quokka (D:2)
  5 bats (D:1)
  5 rats
40 creatures vanquished.

Vanquished Creatures (others)
  A crimson imp (D:2)
  An iron imp (D:3)
  A hound (D:3)
  10 bats (D:1)
  A quokka (D:1)
  6 rats (D:1)
20 creatures vanquished.

Grand Total: 70 creatures vanquished

Notes
Turn   | Place    | Note
--------------------------------------------------------------
     0 | D:1      | masdan, the Mummy Summoner, began the quest for the Orb.
     0 | D:1      | Reached XP level 1. HP: 13/13 MP: 3/3
   347 | D:1      | Reached XP level 2. HP: 13/19 MP: 2/4
   351 | D:1      | Learned a level 2 spell: Call Imp
  1622 | D:1      | Reached XP level 3. HP: 17/24 MP: 2/6
  2458 | D:2      | Learned a level 3 spell: Call Canine Familiar
  3444 | D:2      | Killed from afar by an orc wizard

Action                   || total
-------------------------++-------
Melee: Unarmed           ||     4
       Spear             ||    83
Throw: Stone             ||     3
 Cast: Summon Small Mamm ||    31
       Call Imp          ||    48
       Call Canine Famil ||     3
 Abil: Evoke Flight      ||     1
